 Dungeon Crawl Stone Soup version 0.20.1-1-g8b1a95d (webtiles) character file.

74 Nattfarinn the Ruffian (level 4, 0/45 HPs)
             Began as a Troll Berserker on Aug 1, 2017.
             Was a Believer of Trog.
             Slain by a leopard gecko (5 damage)
             ... on level 2 of the Dungeon.
             The game lasted 00:01:41 (970 turns).

Nattfarinn the Ruffian (Troll Berserker)             Turns: 970, Time: 00:01:41

Health: 0/45       AC:  5    Str: 25    XL:     4   Next: 9%
Magic:  3/3        EV: 10    Int:  3    God:    Trog [**....]
Gold:   53         SH:  0    Dex: 10    Spells: 3/3 levels left

rFire    . . .     SeeInvis .     - Unarmed
rCold    . . .     Gourm    +   (no shield)
rNeg     . . .     Faith    .   a - +0 animal skin
rPois    .         Spirit   .   (helmet restricted)
rElec    .         Reflect  .   (no cloak)
rCorr    .         Harm     .   (gloves unavailable)
MR       .....                  (boots unavailable)
Stlth    +.........             (no amulet)
Regen    0.6/turn               (no ring)
MPRegen  0.1/turn               (no ring)

@: lethally poisoned (0 -> 0), berserk cooldown, slowed, very slow
A: unfitting armour, claws 3, fast metabolism 3, gourmand, regeneration 1,
shaggy fur 1, tough skin 2
a: Berserk, Trog's Hand, Burn Spellbooks, Renounce Religion


You were on level 2 of the Dungeon.
You worshipped Trog.
Trog was pleased with you.
You were very full.

You visited 1 branch of the dungeon, and saw 2 of its levels.

You collected 53 gold pieces.

Inventory:

Armour
 a - a +0 animal skin (worn)
Scrolls
 c - a scroll of enchant armour {unknown}
 e - a scroll of teleportation {unknown}
 f - a scroll of fear {unknown}
 g - 3 scrolls of identify {unknown}
 i - a scroll of random uselessness {unknown}
Potions
 d - 3 potions of curing {unknown}
 h - a potion of berserk rage {unknown}
 j - 2 potions of might {unknown}
Comestibles
 b - 3 bread rations
 k - 2 fruits


   Skills:
 * Level 3.2 Fighting
 * Level 2.9 Dodging
 + Level 3.8 Unarmed Combat


You had 3 spell levels left.
You didn't know any spells.

Dungeon Overview and Level Annotations

Branches:
Dungeon (2/15)

Altars:


Innate Abilities, Weirdness & Mutations

You are too large for most types of armour.
You have claws for hands.
Your metabolism is lightning-fast.
You like to eat raw meat.
Your natural rate of healing is unusually fast.
You are covered in fur. (AC +1)
You have very tough skin. (AC +2)


Message History

Pain shoots through your body!
* * * LOW HITPOINT WARNING * * *
The leopard gecko bites you.
* * * LOW HITPOINT WARNING * * *
Jessica hits you but does no damage.
You mangle Jessica!!
You kill Jessica!
Trog accepts your kill.
Trog appreciates your killing of a magic user.
You have reached level 4!
The leopard gecko bites you but does no damage.
The leopard gecko closely misses you.
Items here: ! ) [ † a dagger; a robe; a glowing amethyst potion; the human corpse of Jessica You closely miss the leopard gecko.
The leopard gecko is severely wounded.
You feel sick. The leopard gecko bites you.
* * * LOW HITPOINT WARNING * * *
The leopard gecko bites you.
You die...

#.. #..###....#
#.# #...
#......##.# #.#
#...
#.###.###...#.#
#....##.###.#
#.#.#.#
.....#..)##.#
#.#...
#......#....#
#.. ..#
#..###.).####
#.# .#
......††#####
.. ##
#.......l@..#
#...#######.#
... # #. .


You could see a leopard gecko.

Vanquished Creatures
  Jessica (D:2)
  An adder (D:2)
  An ooze (D:1)
  A dart slug (D:1)
  3 bats
  2 giant cockroaches
  4 goblins
  3 hobgoblins
  3 jackals (D:1)
  3 kobolds (D:1)
  A quokka (D:2)
  A ball python (D:1)
  A frilled lizard (D:1)
  9 rats
34 creatures vanquished.

Notes
Turn   | Place    | Note
-------+----------+-------------------------------------------
     0 | D:1      | Nattfarinn the Troll Berserker began the quest for the Orb.
     0 | D:1      | Reached XP level 1. HP: 22/22 MP: 0/0
   357 | D:1      | Reached XP level 2. HP: 29/29 MP: 1/1
   662 | D:1      | Reached XP level 3. HP: 36/36 MP: 2/2
   922 | D:2      | Reached ** piety under Trog
   944 | D:2      | Noticed Jessica
   968 | D:2      | Killed Jessica
   968 | D:2      | Reached XP level 4. HP: 7/45 MP: 3/3
   970 | D:2      | Slain by a leopard gecko

Skill      XL: |  1  2  3 |
---------------+----------+-----
Fighting       | 3 |  3.2
Dodging        | |  2.9
Unarmed Combat | |  3.8

Action                   |  1- 3 |  4- 6 || total
-------------------------+-------+-------++-------
Melee: Unarmed           |    96 |     1 ||    97
       Punch             |     2 |       ||     2
Invok: Berserk           |     1 |       ||     1
  Eat: Chunk             |    13 |       ||    13
Armor: Animal skin       |    37 |     1 ||    38
Dodge: Dodged            |    52 |     1 ||    53
